 Dungeon Crawl Stone Soup version 0.29-a0-251-g80730f7218 (webtiles) character file.

Game seed: 13298227604482091887

41 Crownlay the Poker (level 3, -1/31 HPs)
             Began as a Minotaur Monk on Mar 5, 2022.
             Splashed by a jelly's acid (10 damage)
             ... on level 2 of the Dungeon.
             The game lasted 00:01:22 (1333 turns).

Crownlay the Poker (Minotaur Monk)                  Turns: 1333, Time: 00:01:23

Health: -1/31      AC:  2    Str: 17    XL:     3   Next: 32%
Magic:  2/2        EV: 12    Int:  7    God:
Gold:   74         SH:  0    Dex: 12    Spells: 2/2 levels left

rFire   . . .      SeeInvis .   a - +0 spear
rCold   . . .      Faith    .   (no shield)
rNeg    . . .      Spirit   .   b - +0 robe
rPois   .          Reflect  .   (helmet restricted)
rElec   .          Harm     .   (no cloak)
rCorr   .          Rampage  .   (no gloves)
Will    .....                   (no boots)
Stlth   ++........              (no amulet)
HPRegen 0.10/turn               (no ring)
MPRegen 0.08/turn               (no ring)

@: no status effects
A: horns 2, retaliatory headbutt
a: no special abilities


You were on level 2 of the Dungeon.
You visited 1 branch of the dungeon, and saw 3 of its levels.

You collected 74 gold pieces.

Inventory:

Hand Weapons
 a - a +0 spear (weapon)
Missiles
 e - a throwing net (quivered)
 g - 4 atropa-tipped darts
Armour
 b - a +0 robe (worn)
Scrolls
 c - a scroll of identify {unknown}
 d - a scroll of blinking {unknown}
 h - a scroll of amnesia {unknown}
 i - a scroll of immolation {unknown}
Potions
 f - a potion of mutation {unknown}


   Skills:
 - Level 3.6 Fighting
 + Level 5.4 Polearms
 - Level 3.2 Dodging
 - Level 1.5 Stealth


You had 2 spell levels left.
You didn't know any spells.
Your spell library was empty.

Dungeon Overview and Level Annotations

Branches:
Dungeon (3/15)

Altars:


Innate Abilities, Weirdness & Mutations

You have a pair of horns on your head.
You reflexively headbutt those who attack you in melee.


Message History

The shaft crumbles and collapses.
i - a scroll labelled LELUNI TIUG
Found 17 stones.
Found a stone staircase leading up.
You see here 17 stones.
(D) Dungeon
Where to? (Enter - D:2, ? - help)
Found a scroll labelled IKACVAOJIA.
Found a stone staircase leading down.
There is a stone staircase leading up here.
You climb upwards.
There is a stone staircase leading down here.
Found a robe.
No target in view!
A kobold comes into view. It is wielding a +0 short sword.
The kobold throws a stone.
The stone hits you but does no damage.
A jelly comes into view.
You completely miss the kobold. Your headbutt misses the kobold.
The kobold hits you with a +0 short sword.
You hit the kobold.
The kobold is moderately wounded.
The kobold barely misses you. You furiously retaliate!
You headbutt the kobold!
You kill the kobold!
Things that are here:
a +0 short sword; 3 stones; a kobold corpse You puncture the jelly!
Your hands burn!
The jelly is moderately wounded.
The jelly hits you.
You are splashed with acid!
You hit the jelly.
Your hands burn!
The jelly is heavily wounded.
You are too injured to fight recklessly!
You are too injured to fight recklessly!
You are too injured to fight recklessly!
You are too injured to fight recklessly!
You hit the jelly.
Your hands burn!
You headbutt the jelly.
The jelly is almost dead.
The jelly hits you.
* * * LOW HITPOINT WARNING * * *
You are splashed with acid!
You die...

#..# ## ..####
#.#[.. . #.#.#.#
.######..#.#
.......>...#
.#######.######
##.#######.........
......J@..?.#######
.#..........#
............#
#############


You could see a jelly.

Vanquished Creatures
  A worm (D:2)
  2 dart slugs (D:1)
  An endoplasm (D:1)
  A giant cockroach (D:1)
  4 goblins (D:1)
  2 hobgoblins
  2 quokkas
  2 ball pythons
  5 bats
  2 frilled lizards (D:1)
  4 kobolds
  8 rats (D:1)
34 creatures vanquished.

Notes
Turn   | Place    | Note
-------+----------+-------------------------------------------
     0 | D:1      | Crownlay the Minotaur Monk began the quest for the Orb.
     0 | D:1      | Reached XP level 1. HP: 19/19 MP: 0/0
   133 | D:1      | Reached skill level 4 in Polearms
   296 | D:1      | Reached XP level 2. HP: 22/26 MP: 1/1
   741 | D:1      | Reached skill level 5 in Polearms
  1059 | D:1      | Reached XP level 3. HP: 31/31 MP: 2/2
  1228 | D:2      | Noticed a floating eye
  1231 | D:2      | Found a faded altar of an unknown god.
  1232 | D:2      | Noticed a golden eye
  1232 | D:2      | Noticed a shining eye
  1232 | D:2      | Noticed an eye of devastation
  1297 | D:2      | You fall into a shaft and drop 1 floor!
  1333 | D:2      | Splashed by a jelly's acid

Illustrated notes

Levels and vault maps discovered:
D:1:      dpeg_arrival_ratfight, layout_loops_corners, nrook_mini_backslash
D:2:      layout_loops_ring, hellmonk_ecumenical_altar_watching_god,
          chequers_serial_rivers_large_b, kennysheep_generic_room_5
D:3:      cheibrodos_greedy_goblins, layout_loops_ring, fiery_altar_vehumet,
          lemuel_coloured_pillars_altar, nicolae_overflow_ecumenical_swirl,
          tso_metal_star, minmay_close_crescents, uniq_sigmund

Skill      XL: |  1  2 |
---------------+-------+-----
Polearms       | 4 5 |  5.4
Fighting       | |  3.6
Dodging        | |  3.2
Stealth        | |  1.5

Action                   || total
-------------------------++-------
Melee: Spear             ||    94
       Headbutt          ||     9
 Stab: Sleeping          ||     7
Armor: Robe              ||     7
Dodge: Dodged            ||    22

Table legend: (Time is in decaauts)
 A = Elapsed time spent in this place.
 B = Non-inter-level travel time spent in this place.
 C = Inter-level travel time spent in this place.
 D = Time resting spent in this place.
 E = Time spent auto-exploring this place.
 F = Levels seen in this place.
 G = Mean time per level.
                   A        B        C        D        E       F      G
               +--------+--------+--------+--------+--------+-----+--------+
         Total |   1320 |   1269 |     51 |      0 |   1068 |   3 |  440.0 |
       Dungeon |   1320 |   1269 |     51 |      0 |   1068 |   3 |  440.0 |
               +--------+--------+--------+--------+--------+-----+--------+

Top non-repeatable levels by time:
     D:1: 1152 daAuts
     D:2: 143 daAuts
     D:3: 24 daAuts
